[Event "ICC tourney 2359 (30 5)"]
[Site "Internet Chess Club"]
[Date "2021.01.31"]
[Round "4"]
[White "Chessguy2008"]
[Black "AnkleBreaker21"]
[Result "0-1"]
[ICCResult "White checkmated"]
[WhiteElo "800"]
[BlackElo "902"]
[Opening "Sicilian defense"]
[ECO "B32"]
[NIC "SI.32"]
[Time "16:27:19"]
[PlyCount "130"]
[TimeControl "1800+5"]

1. e4 c5 2. Nf3 Nc6 3. d4 cxd4 4. Nxd4 Nxd4 5. Qxd4 d6 6. Nc3 e6 7. Bd2 Nf6
8. O-O-O Be7 9. e5 dxe5 10. Qxe5 O-O 11. Qg3 Bd6 12. Qh3 e5 13. Qd3 Bc7 14.
Qf3 Bg4 15. Qxb7 Bxd1 16. Kxd1 Qd7 17. Qf3 Rfd8 18. Nb1 Ba5 19. Bd3 e4 20.
Bxe4 Nxe4 21. Qxe4 Bxd2 22. Qe2 Ba5+ 23. Kc1 Qc7 24. c3 Qf4+ 25. Kc2 Qf5+
26. Kc1 Bc7 27. g3 Qd3 28. Qe1 Re8 29. Qd1 Rad8 30. Na3 Re2 31. Re1 Qxd1+
32. Rxd1 Ree8 33. Rg1 Bb6 34. Rg2 Re1+ 35. Kc2 Re2+ 36. Kc1 Bxf2 37. Nc2
Be3+ 38. Nxe3 Rxe3 39. Rg1 h6 40. g4 Re2 41. h4 Rdd2 42. Rd1 Rc2+ 43. Kb1
Rxb2+ 44. Ka1 Rxa2+ 45. Kb1 Reb2+ 46. Kc1 Rc2+ 47. Kb1 Rab2+ 48. Ka1 a5 49.
Rd4 a4 50. Rxa4 Rg2 51. Rd4 Rbc2 52. Kb1 Rce2 53. Rd1 Rxg4 54. Rh1 h5 55.
Kc1 Rc4 56. Kd1 Ra2 57. Rh3 g6 58. Kc1 f5 59. Kb1 Rf2 60. Kc1 f4 61. Kd1 f3
62. Ke1 Re2+ 63. Kf1 Rxc3 64. Rg3 Kg7 65. Rh3 Rc1# { White checkmated } 0-1

[Event "ICC tourney 2359 (30 5)"]
[Site "Internet Chess Club"]
[Date "2021.01.31"]
[Round "4"]
[White "Zenowing6"]
[Black "Naoto"]
[Result "0-1"]
[ICCResult "White forfeits on time"]
[WhiteElo "858"]
[BlackElo "527"]
[Opening "Philidor's defense"]
[ECO "C41"]
[NIC "KP.10"]
[Time "16:02:49"]
[PlyCount "128"]
[TimeControl "1800+5"]

1. e4 e5 2. Nf3 d6 3. Bc4 Be6 4. d3 Nf6 5. O-O d5 6. exd5 Nxd5 7. Nxe5 Bd6
8. Nf3 c6 9. Ng5 Bf4 10. Bxf4 Nxf4 11. Bxe6 Nxe6 12. Nxe6 Qf6 13. Re1 Na6
14. Re2 Rc8 15. Qe1 b6 16. Nxg7+ Kf8 17. Re8+ Kxg7 18. Rxh8 Rxh8 19. Nc3
Nc5 20. Qe3 h6 21. Qg3+ Kh7 22. Re1 Rg8 23. Qe3 Qg6 24. Qf3 Nd7 25. Re7 Ne5
26. Rxe5 Kh8 27. Qh3 f6 28. Rh5 Kg7 29. Rxh6 Qxh6 30. Qxh6+ Kxh6 31. Ne4
Re8 32. f3 f5 33. Nf6 Re1+ 34. Kf2 Re6 35. Ng8+ Kg7 36. Ne7 Rxe7 37. g4
fxg4 38. fxg4 Rf7+ 39. Kg3 Kg6 40. h4 a5 41. h5+ Kg5 42. c4 Rf4 43. b3
Rxg4+ 44. Kh3 Rh4+ 45. Kg3 Kxh5 46. Kf3 Rh3+ 47. Kf4 Rxd3 48. Kf5 a4 49.
bxa4 Ra3 50. Kf4 Rxa4 51. Kf5 Rxa2 52. Kf4 Ra4 53. Kf5 Rxc4 54. Ke5 Rc5+
55. Kf4 b5 56. Ke3 Rc4 57. Kd3 Kg5 58. Ke3 Kf5 59. Kd3 Ke5 60. Ke3 Rc3+ 61.
Kd2 b4 62. Kd1 Ra3 63. Kc1 Ra2 64. Kb1 Rh2 { White forfeits on time } 0-1

[Event "ICC tourney 2359 (30 5)"]
[Site "Internet Chess Club"]
[Date "2021.01.31"]
[Round "4"]
[White "CGLion3223"]
[Black "KingZacAttack"]
[Result "0-1"]
[ICCResult "White checkmated"]
[WhiteElo "922"]
[BlackElo "700"]
[Opening "Sicilian: dragon, classical, Richter variation"]
[ECO "B73"]
[NIC "SI.16"]
[Time "16:00:50"]
[PlyCount "106"]
[TimeControl "1800+5"]

1. e4 c5 2. Nf3 d6 3. d4 cxd4 4. Nxd4 Nf6 5. Nc3 g6 6. Be3 Bg7 7. Be2 O-O
8. O-O Nc6 9. Qd2 Bd7 10. Rad1 Rc8 11. Rfe1 Qa5 12. Ra1 d5 13. f3 Nxd4 14.
Bxd4 dxe4 15. fxe4 Nxe4 16. Qe3 Nxc3 17. bxc3 Bxd4 18. Qxd4 Bf5 19. Bd3
Bxd3 20. Qxd3 Rxc3 21. Qd1 e6 22. Rf1 Qc5+ 23. Rf2 Rc8 24. Kf1 Rxc2 25. Rf3
Rc3 26. Rf2 Rc1 27. Qxc1 Qxc1+ 28. Rxc1 Rxc1+ 29. Ke2 Rc2+ 30. Kf3 Rc3+ 31.
Ke4 Kg7 32. Ke5 Re3+ 33. Kd6 f5 34. Kc7 Kf6 35. Kxb7 Ra3 36. h3 Kg5 37. Kc6
Kh4 38. Kd6 Kg3 39. Rb2 Re3 40. Ke7 e5 41. Kf6 e4 42. Kg7 Rd3 43. Kxh7 e3
44. Kxg6 Rd2 45. Rb5 e2 46. Re5 Kf4 47. Rxf5+ Kg3 48. h4 Kxg2 49. h5 e1=Q
50. Rg5+ Kh3 51. h6 Qe6+ 52. Kh5 Qf7+ 53. Rg6 Rd5# { White checkmated } 0-1

[Event "ICC tourney 2359 (30 5)"]
[Site "Internet Chess Club"]
[Date "2021.01.31"]
[Round "4"]
[White "CameronSiegal"]
[Black "rjaichand"]
[Result "0-1"]
[ICCResult "White forfeits on time"]
[WhiteElo "781"]
[BlackElo "1126"]
[Opening "Queen's pawn game"]
[ECO "A46"]
[NIC "QP.06"]
[Time "16:00:31"]
[PlyCount "76"]
[TimeControl "1800+5"]

1. d4 Nf6 2. Nf3 c5 3. e3 Nc6 4. Bd3 d5 5. c3 c4 6. Bc2 Bg4 7. Nbd2 e6 8.
O-O Bd6 9. e4 dxe4 10. Nxe4 Nxe4 11. Bxe4 e5 12. dxe5 Bxf3 13. Qxf3 Nxe5
14. Qf5 Nd3 15. Bxb7 Rb8 16. Bc6+ Kf8 17. Bd5 Qc7 18. b3 Nxc1 19. Rfxc1
cxb3 20. axb3 Bxh2+ 21. Kh1 Be5 22. g3 Bf6 23. Ra6 Qe7 24. g4 Re8 25. c4
Be5 26. Qh5 g6 27. Qh6+ Bg7 28. Qf4 Be5 29. Qh6+ Bg7 30. Qf4 Kg8 31. Kg2
Be5 32. Qe4 Bb2 33. Qxe7 Rxe7 34. Rb1 Bd4 35. b4 Kg7 36. c5 Rd8 37. Bf3 Rb8
38. c6 Rc7 { White forfeits on time } 0-1

[Event "ICC tourney 2359 (30 5)"]
[Site "Internet Chess Club"]
[Date "2021.01.31"]
[Round "5"]
[White "arionik10"]
[Black "BeeGirl"]
[Result "1-0"]
[ICCResult "Black resigns"]
[WhiteElo "842"]
[BlackElo "948"]
[Opening "Sicilian: Smith-Morra gambit"]
[ECO "B21"]
[NIC "SI.48"]
[Time "18:00:22"]
[PlyCount "35"]
[TimeControl "1800+5"]

1. e4 c5 2. d4 cxd4 3. c3 dxc3 4. Nxc3 Nc6 5. Nf3 d6 6. Bc4 Bg4 7. Bf4 Bxf3
8. Qxf3 e5 9. Bg5 Qxg5 10. Qxf7+ Kd8 11. Qxf8+ Kc7 12. Qxa8 Nb8 13. Nd5+
Kc6 14. Qxb8 Qxg2 15. O-O-O Qg5+ 16. Kb1 Qe7 17. Nxe7+ Nxe7 18. Qxh8 {
Black resigns } 1-0

[Event "ICC tourney 2359 (30 5)"]
[Site "Internet Chess Club"]
[Date "2021.01.31"]
[Round "5"]
[White "Em555"]
[Black "Tyler08"]
[Result "1-0"]
[ICCResult "Black checkmated"]
[WhiteElo "937"]
[BlackElo "668"]
[Opening "Queen's pawn, Mason variation"]
[ECO "D00"]
[NIC "QP.08"]
[Time "18:00:18"]
[PlyCount "37"]
[TimeControl "1800+5"]

1. d4 d5 2. Bf4 Nc6 3. e3 Nf6 4. c3 Bf5 5. Nf3 e6 6. Nbd2 Be7 7. Bb5 a6 8.
Ba4 b5 9. Bb3 Bg4 10. h3 Bf5 11. a4 O-O 12. O-O Na5 13. Bc2 Bd6 14. Bg5 h6
15. Bf4 Bg4 16. hxg4 Nxg4 17. Qe2 Qd7 18. Qd3 Nc6 19. Qh7# { Black
checkmated } 1-0

[Event "ICC tourney 2359 (30 5)"]
[Site "Internet Chess Club"]
[Date "2021.01.31"]
[Round "5"]
[White "CharlesWilliam"]
[Black "devmadhavan"]
[Result "1-0"]
[ICCResult "Black checkmated"]
[WhiteElo "857"]
[BlackElo "1197"]
[Opening "KP: Indian opening"]
[ECO "C20"]
[NIC "KP.07"]
[Time "18:00:33"]
[PlyCount "69"]
[TimeControl "1800+5"]

1. e4 e5 2. d3 Nc6 3. Nf3 Nf6 4. Nc3 Bb4 5. Be2 d6 6. O-O O-O 7. Bg5 h6 8.
Bxf6 Qxf6 9. Nd5 Qd8 10. Nxb4 Nxb4 11. a3 Nc6 12. Nd2 Be6 13. f4 exf4 14.
Rxf4 Qg5 15. Rf1 Bh3 16. Rf2 f5 17. Nf3 Qg6 18. Nh4 Qf6 19. Nxf5 Bxf5 20.
exf5 Qd4 21. c3 Qb6 22. d4 Qxb2 23. Rb1 Qxc3 24. Qb3+ Qxb3 25. Rxb3 Nxd4
26. Bc4+ Kh7 27. Rd3 Nc6 28. Rd5 Ne7 29. Rb5 c6 30. Rxb7 Nxf5 31. Bd3 Kg6
32. Rb4 c5 33. Rg4+ Kh5 34. h3 Nd4 35. Bg6# { Black checkmated } 1-0

[Event "ICC tourney 2359 (30 5)"]
[Site "Internet Chess Club"]
[Date "2021.01.31"]
[Round "5"]
[White "kashkanna"]
[Black "Chessguy2008"]
[Result "1-0"]
[ICCResult "Black checkmated"]
[WhiteElo "800"]
[BlackElo "800"]
[Opening "Four knights: Schultze-Müller gambit"]
[ECO "C47"]
[NIC "KP.06"]
[Time "18:00:43"]
[PlyCount "127"]
[TimeControl "1800+5"]

1. e4 e5 2. Nf3 Nc6 3. Nc3 Nf6 4. Nxe5 Nxe5 5. d4 d6 6. dxe5 dxe5 7. Qxd8+
Kxd8 8. Bc4 Be6 9. Bxe6 fxe6 10. Bg5 Be7 11. O-O-O+ Kc8 12. f3 h6 13. Be3
b6 14. Rd2 Kb7 15. Rhd1 Rad8 16. Rxd8 Rxd8 17. Rxd8 Bxd8 18. Kd2 Kc6 19.
Kd3 Be7 20. Kc4 a6 21. a4 Nd7 22. b4 a5 23. bxa5 bxa5 24. Nb5 Nb6+ 25. Bxb6
cxb6 26. Kd3 g5 27. g3 Bc5 28. h4 Kd7 29. hxg5 hxg5 30. Nc3 Ke7 31. Ne2 Kf6
32. f4 gxf4 33. gxf4 exf4 34. Nxf4 Ke5 35. Ng6+ Kd6 36. Kc4 Kc6 37. e5 Bg1
38. Nf4 Kd7 39. Kb5 Ke7 40. c4 Kd7 41. Ne2 Bc5 42. Nc3 Ke7 43. Ne4 Bg1 44.
c5 bxc5 45. Nxc5 Bxc5 46. Kxc5 Kd7 47. Kb5 Kc7 48. Kxa5 Kb7 49. Kb5 Kc7 50.
a5 Kb7 51. a6+ Ka7 52. Kc6 Kxa6 53. Kd6 Kb5 54. Kxe6 Kc5 55. Kd7 Kd5 56. e6
Ke5 57. e7 Kf6 58. e8=Q Kf5 59. Kd6 Kg4 60. Ke5 Kh3 61. Qg6 Kh2 62. Kf4 Kh1
63. Kf3 Kh2 64. Qg2# { Black checkmated } 1-0

[Event "ICC tourney 2359 (30 5)"]
[Site "Internet Chess Club"]
[Date "2021.01.31"]
[Round "5"]
[White "WDSTJ1"]
[Black "rassulk"]
[Result "1-0"]
[ICCResult "Black resigns"]
[WhiteElo "823"]
[BlackElo "865"]
[Opening "Modern defense"]
[ECO "E61"]
[NIC "KI.76"]
[Time "18:00:42"]
[PlyCount "47"]
[TimeControl "1800+5"]

1. d4 g6 2. c4 Bg7 3. Nc3 d6 4. Nf3 Nf6 5. e3 a6 6. Be2 b6 7. O-O Bb7 8.
Bd2 O-O 9. Qc1 Ne8 10. e4 Nd7 11. Bh6 c5 12. dxc5 bxc5 13. Qf4 e5 14. Qg5
f6 15. Qh4 g5 16. Qh5 Bxh6 17. Qxh6 Rf7 18. Qh3 Rg7 19. Nd2 g4 20. Bxg4 Qa5
21. Bxd7 Rg6 22. Be6+ Kh8 23. Bf5 Rg7 24. Rfe1 { Black resigns } 1-0

[Event "ICC tourney 2359 (30 5)"]
[Site "Internet Chess Club"]
[Date "2021.01.31"]
[Round "5"]
[White "rchoi2010"]
[Black "Kingston13"]
[Result "1-0"]
[ICCResult "Black checkmated"]
[WhiteElo "744"]
[BlackElo "1014"]
[Opening "Ruy Lopez: Berlin defense"]
[ECO "C65"]
[NIC "RL.07"]
[Time "18:00:40"]
[PlyCount "129"]
[TimeControl "1800+5"]

1. e4 e5 2. Nf3 Nc6 3. Bb5 Nf6 4. Bxc6 bxc6 5. Nc3 d6 6. O-O Be7 7. d3 h6
8. Be3 O-O 9. h3 Be6 10. d4 Qc8 11. dxe5 dxe5 12. Nxe5 Bd6 13. Nxc6 Nd7 14.
Nb5 Qa6 15. Nxd6 cxd6 16. Nd4 Nf6 17. Nxe6 fxe6 18. Qd3 Qb7 19. Qxd6 Qc8
20. c3 Nxe4 21. Qd3 Qc6 22. f3 Nf6 23. Bd4 Rad8 24. Qe3 Rfe8 25. Bxf6 gxf6
26. Rad1 Qb6 27. Qxb6 axb6 28. Kf2 Ra8 29. a3 b5 30. Rd4 e5 31. Rb4 Rab8
32. Rd1 f5 33. g4 f4 34. Rd5 Kf7 35. Rdxb5 Rxb5 36. Rxb5 Ke6 37. a4 Kd7 38.
Ke2 Kc6 39. Kd3 Rd8+ 40. Kc2 Re8 41. b4 e4 42. fxe4 f3 43. Rf5 Rxe4 44.
Rxf3 Re2+ 45. Kd3 Ra2 46. a5 Ra4 47. Rf6+ Kb5 48. Rxh6 Ra3 49. g5 Ra2 50.
g6 Rg2 51. h4 Rg3+ 52. Kc2 Rg2+ 53. Kb3 Kc6 54. c4 Kc7 55. b5 Kb7 56. Kb4
Rg4 57. a6+ Ka7 58. Kc5 Kb8 59. b6 Kc8 60. a7 Kb7 61. Rh7+ Ka8 62. g7 Rg3
63. Rh8+ Kb7 64. Rb8+ Ka6 65. a8=Q# { Black checkmated } 1-0

[Event "ICC tourney 2359 (30 5)"]
[Site "Internet Chess Club"]
[Date "2021.01.31"]
[Round "5"]
[White "Andrew588"]
[Black "EthanKurian"]
[Result "1-0"]
[ICCResult "Black checkmated"]
[WhiteElo "1003"]
[BlackElo "686"]
[Opening "French defense"]
[ECO "C00"]
[NIC "FR.01"]
[Time "18:00:10"]
[PlyCount "73"]
[TimeControl "1800+5"]

1. e4 e6 2. Nf3 d5 3. d3 c5 4. g3 Nc6 5. Bg2 Bd6 6. O-O Nf6 7. exd5 exd5 8.
Re1+ Be6 9. Bh3 Qd7 10. c4 d4 11. Bf4 Bxf4 12. gxf4 O-O 13. Bxe6 fxe6 14.
Nbd2 a6 15. Nb3 b6 16. Ne5 Qe8 17. Qf3 Qh5 18. Qxh5 Nxh5 19. Nxc6 Rfc8 20.
Ne7+ Kf8 21. Nxc8 Rxc8 22. Rxe6 Nxf4 23. Rxb6 Ne2+ 24. Kf1 Nf4 25. Rxa6
Nxd3 26. Ra7 Nxb2 27. Re1 Nxc4 28. Ree7 d3 29. Rf7+ Ke8 30. Rae7+ Kd8 31.
Rxg7 d2 32. Ke2 Ra8 33. Rd7+ Kc8 34. Rdf7 d1=Q+ 35. Kxd1 Nb2+ 36. Kc2 Rxa2
37. Rf8# { Black checkmated } 1-0

[Event "ICC tourney 2359 (30 5)"]
[Site "Internet Chess Club"]
[Date "2021.01.31"]
[Round "5"]
[White "RoPro1000"]
[Black "chessgabby"]
[Result "0-1"]
[ICCResult "White checkmated"]
[WhiteElo "847"]
[BlackElo "1092"]
[Opening "King's Indian: East Indian defense"]
[ECO "A48"]
[NIC "QP.06"]
[Time "18:00:47"]
[PlyCount "80"]
[TimeControl "1800+5"]

1. d4 Nf6 2. Nf3 g6 3. e3 Bg7 4. Bd3 O-O 5. Nc3 d6 6. O-O e6 7. e4 Nc6 8.
Be3 Re8 9. Qd2 b6 10. Bh6 Bxh6 11. Qxh6 Ng4 12. Qd2 e5 13. d5 Nd4 14. Nxd4
exd4 15. Ne2 Qf6 16. h3 Ne5 17. Nxd4 Nxd3 18. cxd3 Qxd4 19. Rae1 Ba6 20. b4
Qxd3 21. Qh6 Rxe4 22. Rxe4 Qxe4 23. Rd1 Qxb4 24. Qe3 Bb5 25. Rd4 Qb1+ 26.
Kh2 Re8 27. Rd1 Qxd1 28. Qxe8+ Bxe8 29. g4 Qxd5 30. Kg3 Qxa2 31. f4 Qb3+
32. Kg2 Bc6+ 33. Kf2 Qf3+ 34. Ke1 Qh1+ 35. Kd2 Qf3 36. Kc2 a5 37. h4 a4 38.
Kb2 a3+ 39. Ka2 Bd5+ 40. Ka1 Qd1# { White checkmated } 0-1

[Event "ICC tourney 2359 (30 5)"]
[Site "Internet Chess Club"]
[Date "2021.01.31"]
[Round "5"]
[White "TorbenS"]
[Black "Zenowing6"]
[Result "1/2-1/2"]
[ICCResult "Game drawn by mutual agreement"]
[WhiteElo "502"]
[BlackElo "858"]
[Opening "Sicilian: Canal-Sokolsky (Nimzovich-Rossolimo, Moscow) attack"]
[ECO "B51"]
[NIC "SI.01"]
[Time "18:00:12"]
[PlyCount "57"]
[TimeControl "1800+5"]

1. e4 c5 2. Nf3 d6 3. Bb5+ Nc6 4. Bxc6+ bxc6 5. O-O Nf6 6. d3 d5 7. e5 Ng4
8. h3 Nh6 9. Bxh6 gxh6 10. c4 dxc4 11. dxc4 Bd7 12. Nc3 Rg8 13. Kh2 Qc7 14.
Re1 f6 15. Qd2 Rd8 16. Rad1 Bf5 17. Nd5 Qb8 18. Nxf6+ exf6 19. Qf4 Be6 20.
Qxf6 Rg6 21. Qh4 Be7 22. Qf4 Bg5 23. Nxg5 hxg5 24. Qe3 Bxc4 25. Kg1 Bxa2
26. e6 Qc8 27. e7 Rd7 28. b3 Rg7 29. Qxg5 { Game drawn by mutual agreement
} 1/2-1/2

[Event "ICC tourney 2359 (30 5)"]
[Site "Internet Chess Club"]
[Date "2021.01.31"]
[Round "5"]
[White "ZionSimmons"]
[Black "Zaquero"]
[Result "1-0"]
[ICCResult "Black checkmated"]
[WhiteElo "952"]
[BlackElo "504"]
[Opening "Giuoco Piano: four knights variation"]
[ECO "C55"]
[NIC "IG.01"]
[Time "18:00:55"]
[PlyCount "99"]
[TimeControl "1800+5"]

1. e4 e5 2. Bc4 Nf6 3. Nf3 Nc6 4. Nc3 Bc5 5. Nxe5 Nxe5 6. d4 Nxc4 7. dxc5
O-O 8. b4 b6 9. Qd4 b5 10. Nxb5 Nb6 11. cxb6 axb6 12. Bg5 h6 13. Bh4 Qe8
14. Bxf6 Qe6 15. Bxg7 Rd8 16. Nxc7 Qc6 17. Bh8 Qg6 18. Nxa8 f6 19. Qxf6
Qxf6 20. Bxf6 Re8 21. Nxb6 Kf7 22. Nxc8 Rxc8 23. Bd4 Rxc2 24. O-O Rc4 25.
Be3 Rxe4 26. Bxh6 Rxb4 27. Rad1 Rb6 28. Rxd7+ Ke8 29. Ra7 Rxh6 30. Rb1 Rd6
31. Rb8+ Rd8 32. Rxd8+ Kxd8 33. a4 Kc8 34. a5 Kb8 35. Rh7 Ka8 36. f3 Kb8
37. f4 Kc8 38. f5 Kd8 39. a6 Kc8 40. f6 Kb8 41. a7+ Ka8 42. Rh8+ Kb7 43. f7
Kxa7 44. f8=Q Kb6 45. Rh6+ Kb5 46. Qf5+ Kc4 47. Rh4+ Kc3 48. Qf3+ Kd2 49.
Rd4+ Ke1 50. Qf1# { Black checkmated } 1-0

[Event "ICC tourney 2359 (30 5)"]
[Site "Internet Chess Club"]
[Date "2021.01.31"]
[Round "5"]
[White "IsabellaRita"]
[Black "infernowall"]
[Result "0-1"]
[ICCResult "White checkmated"]
[WhiteElo "925"]
[BlackElo "1064"]
[Opening "Queen's bishop game"]
[ECO "D00"]
[NIC "QP.08"]
[Time "18:00:18"]
[PlyCount "136"]
[TimeControl "1800+5"]

1. d4 d5 2. Bf4 Nf6 3. Nf3 e6 4. e3 Bd6 5. Bg3 Nh5 6. Bxd6 Qxd6 7. Nc3 O-O
8. Ne5 Nd7 9. Nxd7 Qxd7 10. Qxh5 b6 11. O-O-O a5 12. Bd3 h6 13. g4 c5 14.
Be2 Qe7 15. Rhg1 Qg5 16. Qxg5 hxg5 17. Rg2 c4 18. Rh1 Bd7 19. h4 gxh4 20.
Rxh4 b5 21. Rgh2 g6 22. Rh8+ Kg7 23. R2h7+ Kf6 24. g5+ Kxg5 25. f4+ Kf6 26.
Rxf8 Rxf8 27. e4 b4 28. e5+ Ke7 29. Na4 Bxa4 30. Rh3 Rb8 31. b3 cxb3 32.
axb3 Bb5 33. Bxb5 Rxb5 34. c4 bxc3 35. Rxc3 Kd7 36. Kb2 a4 37. Ka3 axb3 38.
Rxb3 Rxb3+ 39. Kxb3 Ke7 40. Kc3 f6 41. Kd3 g5 42. fxg5 fxg5 43. Ke3 Kf7 44.
Kf3 Kg6 45. Kg3 Kf5 46. Kg2 Ke4 47. Kg3 Kxd4 48. Kg4 Kxe5 49. Kxg5 d4 50.
Kg4 Ke4 51. Kg3 Ke3 52. Kg4 d3 53. Kg5 d2 54. Kf6 d1=Q 55. Kxe6 Qd4 56. Kf5
Kf2 57. Ke6 Qc5 58. Kd7 Qb6 59. Ke7 Qc6 60. Kf7 Qd6 61. Ke8 Qc7 62. Kf8 Qd7
63. Kg8 Qe7 64. Kh8 Kg3 65. Kg8 Kg4 66. Kh8 Kg5 67. Kg8 Kg6 68. Kh8 Qg7# {
White checkmated } 0-1

[Event "ICC tourney 2359 (30 5)"]
[Site "Internet Chess Club"]
[Date "2021.01.31"]
[Round "5"]
[White "AnkleBreaker21"]
[Black "ModaGoat30"]
[Result "0-1"]
[ICCResult "White checkmated"]
[WhiteElo "902"]
[BlackElo "700"]
[Opening "Giuoco Pianissimo"]
[ECO "C55"]
[NIC "IG.01"]
[Time "18:01:04"]
[PlyCount "114"]
[TimeControl "1800+5"]

1. e4 e5 2. Nf3 Nc6 3. Bc4 Nf6 4. d3 Bc5 5. c3 O-O 6. O-O Ng4 7. Bg5 Ne7 8.
h3 Bxf2+ 9. Kh1 Ne3 10. Bxe3 Bxe3 11. Qe2 Bb6 12. Nxe5 d6 13. Bxf7+ Kh8 14.
Ng4 Bxg4 15. Qxg4 Nc6 16. Nd2 Ne5 17. Qe6 Nxf7 18. Rxf7 Rxf7 19. Qxf7 Qh4
20. Rf1 Qd8 21. Nf3 h6 22. Nh4 Qxh4 23. Qf5 c5 24. b4 cxb4 25. cxb4 Qg3 26.
Rf3 Qe1+ 27. Rf1 Qxb4 28. Qg6 Rc8 29. Kh2 Qc3 30. Rf7 Bd4 31. Qxd6 Be5+ 32.
Qxe5 Qxe5+ 33. Kg1 Rc1+ 34. Rf1 Rxf1+ 35. Kxf1 Qf4+ 36. Kg1 Qe3+ 37. Kh2
Qxd3 38. h4 Qxe4 39. g3 Qc2+ 40. Kh3 Qxa2 41. h5 g6 42. hxg6 b5 43. Kh4
Qc4+ 44. Kh5 Kg8 45. g4 b4 46. g5 hxg5 47. Kxg5 Qf1 48. Kh6 b3 49. g7 b2
50. Kg6 b1=Q+ 51. Kh6 Qf6+ 52. Kh5 Qb5+ 53. Kg4 Qe6+ 54. Kg3 Qe4 55. Kh2
Qb3 56. Kg1 Qe2 57. Kh1 Qb1# { White checkmated } 0-1

[Event "ICC tourney 2359 (30 5)"]
[Site "Internet Chess Club"]
[Date "2021.01.31"]
[Round "5"]
[White "SALucas"]
[Black "SabxmsMB1"]
[Result "1-0"]
[ICCResult "Black checkmated"]
[WhiteElo "1286"]
[BlackElo "1094"]
[Opening "Queen's pawn game, Chigorin variation"]
[ECO "D02"]
[NIC "QP.08"]
[Time "18:00:40"]
[PlyCount "149"]
[TimeControl "1800+5"]

1. d4 d5 2. Nf3 Nc6 3. Bf4 Nf6 4. e3 a6 5. Nc3 g6 6. Be2 Bg7 7. O-O O-O 8.
Nd2 Bf5 9. a3 Re8 10. Nb3 e5 11. dxe5 Nxe5 12. Bg5 c6 13. Nd4 h6 14. Bh4 g5
15. Nxf5 gxh4 16. Nxg7 Kxg7 17. Qd4 Nh7 18. Bd3 Qg5 19. f4 Qd8 20. fxe5 Kg8
21. Qg4+ Qg5 22. Bxh7+ Kxh7 23. Qxg5 hxg5 24. Rxf7+ Kg6 25. Raf1 Rh8 26.
R1f6+ Kh5 27. Rg7 Rag8 28. Rxg8 Rxg8 29. Ne2 Re8 30. Nd4 Rxe5 31. Re6 Rxe6
32. Nxe6 Kg6 33. Nd8 Kf5 34. Nxb7 Ke4 35. Kf2 Ke5 36. Kf3 Kf5 37. Nd6+ Ke5
38. Nf7+ Kf6 39. Nd8 c5 40. Kg4 d4 41. exd4 cxd4 42. Ne6 Kxe6 43. Kxg5 Ke5
44. Kxh4 Ke4 45. g4 Ke3 46. g5 Kd2 47. g6 Kxc2 48. g7 d3 49. g8=Q d2 50.
Qd8 d1=Q 51. Qxd1+ Kxd1 52. Kg5 Kc2 53. h4 Kxb2 54. h5 Kxa3 55. h6 Kb3 56.
h7 a5 57. h8=Q a4 58. Qa1 a3 59. Kf4 a2 60. Ke3 Ka3 61. Kd3 Kb3 62. Kd2 Ka3
63. Kc3 Ka4 64. Qb2 a1=Q 65. Qxa1+ Kb5 66. Qd1 Ka6 67. Qd4 Kb5 68. Qc4+ Kb6
69. Kb4 Kb7 70. Qc5 Kb8 71. Qc6 Ka7 72. Kb5 Kb8 73. Qd7 Ka8 74. Kb6 Kb8 75.
Qb7# { Black checkmated } 1-0

[Event "ICC tourney 2359 (30 5)"]
[Site "Internet Chess Club"]
[Date "2021.01.31"]
[Round "5"]
[White "m2021chessusa"]
[Black "Lunastarz138"]
[Result "1-0"]
[ICCResult "Black checkmated"]
[WhiteElo "722"]
[BlackElo "840"]
[Opening "Scandinavian: Pytel-Wade variation"]
[ECO "B01"]
[NIC "SD.02"]
[Time "18:00:12"]
[PlyCount "127"]
[TimeControl "1800+5"]

1. e4 d5 2. exd5 Qxd5 3. Nc3 Qd6 4. Nf3 e5 5. d4 Nd7 6. Be3 Ngf6 7. Bc4 Be7
8. O-O O-O 9. dxe5 Qxd1 10. Raxd1 Ng4 11. Rfe1 Ngxe5 12. Nxe5 Nxe5 13. b3
Nxc4 14. bxc4 b6 15. Bf4 Bd6 16. Bxd6 cxd6 17. Rxd6 Bb7 18. Rd7 Rab8 19.
Ree7 Ba6 20. Nb5 Bxb5 21. cxb5 Rfe8 22. Rxa7 Rxe7 23. Rxe7 Rd8 24. g3 h6
25. Rb7 Rd1+ 26. Kg2 Rd2 27. Rxb6 Rxc2 28. a4 Ra2 29. Ra6 Kf8 30. Ra7 Ke8
31. b6 Rb2 32. a5 Kd8 33. Rxf7 Kc8 34. Rxg7 Ra2 35. b7+ Kb8 36. h4 Rxa5 37.
g4 Ra4 38. Kg3 Ra3+ 39. f3 Ra1 40. Re7 Ra5 41. Kf4 Ra4+ 42. Kf5 Ra3 43. f4
Ra5+ 44. Kg6 Ra6+ 45. Kh7 Rf6 46. f5 Rd6 47. Re6 Rd7+ 48. Kxh6 Rxb7 49.
Re8+ Ka7 50. g5 Kb6 51. g6 Kc6 52. g7 Rb6 53. Re6+ Kc7 54. Rxb6 Kxb6 55.
g8=Q Kc6 56. f6 Kd6 57. f7 Ke5 58. f8=Q Ke4 59. Qe6+ Kd4 60. Qd8+ Kc5 61.
Qed7 Kc4 62. Q8c8+ Kb4 63. Qdb7+ Ka5 64. Qca8# { Black checkmated } 1-0

[Event "ICC tourney 2359 (30 5)"]
[Site "Internet Chess Club"]
[Date "2021.01.31"]
[Round "5"]
[White "Goofymammoth"]
[Black "BJSARO"]
[Result "0-1"]
[ICCResult "White resigns"]
[WhiteElo "1254"]
[BlackElo "1298"]
[Opening "Sicilian defense"]
[ECO "B20"]
[NIC "SI.48"]
[Time "18:00:40"]
[PlyCount "56"]
[TimeControl "1800+5"]

1. e4 c5 2. b3 d6 3. Bb2 e6 4. Bb5+ Nd7 5. f4 a6 6. Bxd7+ Bxd7 7. Nf3 Bc6
8. Nc3 Nf6 9. d3 Be7 10. O-O b5 11. a3 Qb6 12. Kh1 O-O 13. b4 cxb4 14. axb4
Rfc8 15. Qe2 Bb7 16. d4 Rc4 17. Na2 Bxe4 18. Nd2 Rxc2 19. Bc3 Bd5 20. f5
Rxa2 21. Rxa2 Bxa2 22. fxe6 Bxe6 23. Ne4 Nd5 24. Qf2 Rc8 25. Bd2 Rc4 26.
Bg5 Qxd4 27. Qxd4 Rxd4 28. Bxe7 Nxe7 { White resigns } 0-1

[Event "ICC tourney 2359 (30 5)"]
[Site "Internet Chess Club"]
[Date "2021.01.31"]
[Round "5"]
[White "KingZacAttack"]
[Black "TolgaE"]
[Result "1-0"]
[ICCResult "Black checkmated"]
[WhiteElo "700"]
[BlackElo "1005"]
[Opening "Queen's pawn: Chigorin variation"]
[ECO "D00"]
[NIC "QP.08"]
[Time "18:00:09"]
[PlyCount "51"]
[TimeControl "1800+5"]

1. d4 d5 2. Nc3 Nf6 3. Bf4 Bf5 4. e3 e6 5. Nf3 c5 6. Nb5 Nc6 7. Nc7+ Ke7 8.
Nxa8 Qxa8 9. dxc5 Ke8 10. Bb5 Bxc5 11. O-O Qd8 12. Ne5 Qc7 13. Nxc6 Qc8 14.
Nxa7+ Qc6 15. Nxc6 bxc6 16. Bxc6+ Ke7 17. b4 Bxb4 18. Rb1 Bc3 19. Rb7+ Nd7
20. Rxd7+ Kf6 21. Qh5 g6 22. Qg5+ Kg7 23. Rb1 Bf6 24. Qh6+ Kg8 25. Rb8+ Bd8
26. Rbxd8# { Black checkmated } 1-0

[Event "ICC tourney 2359 (30 5)"]
[Site "Internet Chess Club"]
[Date "2021.01.31"]
[Round "5"]
[White "LuckyDuck3"]
[Black "tisernhagen1"]
[Result "0-1"]
[ICCResult "White checkmated"]
[WhiteElo "554"]
[BlackElo "1193"]
[Opening "Queen's pawn game"]
[ECO "D02"]
[NIC "QP.08"]
[Time "18:01:04"]
[PlyCount "126"]
[TimeControl "1800+5"]

1. d4 d5 2. Nf3 Bf5 3. e3 e6 4. Bd3 Nf6 5. Bxf5 exf5 6. O-O Nbd7 7. Nbd2
Bd6 8. b3 O-O 9. Bb2 Ne4 10. c4 c6 11. c5 Bc7 12. Nxe4 fxe4 13. Nd2 Nf6 14.
f3 Qb8 15. f4 Ng4 16. Qxg4 f5 17. Qe2 Kh8 18. g3 Qd8 19. h4 Qf6 20. a4 Qg6
21. Qg2 Qg4 22. b4 Rg8 23. b5 Bd8 24. bxc6 bxc6 25. a5 Rb8 26. Bc3 h6 27.
a6 g5 28. hxg5 hxg5 29. Qh2+ Kg7 30. Nb3 Rxb3 31. Ba5 Rxe3 32. Bxd8 Rxd8
33. fxg5 Qxg3+ 34. Qxg3 Rxg3+ 35. Kf2 Rxg5 36. Ke3 Rb8 37. Kf4 Kf6 38. Rh1
Rg4+ 39. Ke3 Rb3+ 40. Kd2 Rg2+ 41. Kc1 Kg7 42. Rb1 Rxb1+ 43. Kxb1 f4 44.
Kc1 f3 45. Kd1 e3 46. Ke1 Kg6 47. Kf1 Kg5 48. Rg1 Rxg1+ 49. Kxg1 Kg4 50.
Kf1 Kg3 51. Ke1 f2+ 52. Ke2 Kg2 53. Kxe3 f1=Q 54. Kd2 Qf3 55. Kc2 Kf2 56.
Kd2 Qe3+ 57. Kc2 Ke2 58. Kb2 Qxd4+ 59. Kb3 Qxc5 60. Ka4 Qb6 61. Ka3 Kd2 62.
Ka4 Kc3 63. Ka3 Qxa6# { White checkmated } 0-1